AoeStats
← martijn

Arabia

509859121Analyzed
3v3 RM · 3d ago on Sep 28, 2026· 65m 51s· 6 players
Game mode
Random Map
Map size
Normal (6 player)
Population
200
Speed
Normal
Resources
Standard
Victory
Conquest
Starting age
Dark Age
Ending age
Imperial Age
RankedLock teamsTeams togetherTeam positionsShared explorationLock speedFull tech treeHidden civsTurbo modeCheats
Victory
Defeat
🇮🇳 Japanese · India
1032
+16
🇦🇺 Maya · Australia
1025
+16
🇨🇳 Byzantines · China
997
+17
🇩🇴 Bohemians · Dominican Republic
1050
-17
🇨🇳 Franks · China
1050
-17
🇳🇱 Khmer · Netherlands
984
-15
*Lord*
2:15 Loom
11:46 Feudal Age
16:58 Castle Age
16:25 Double-Bit Axe
16:22 Horse Collar
17:52 Wheelbarrow
23:15 Squires
24:20 Gambesons
26:04 Scale Mail Armor
28:00 Bow Saw
27:58 Heavy Plow
28:35 Forging
29:27 Chain Mail Armor
31:23 Iron Casting
33:00 Hand Cart
37:04 Imperial Age
36:21 Fletching
36:32 Padded Archer Armor
36:53 Thumb Ring
36:10 Elite Skirmisher
38:35 Conscription
38:48 Elite Samurai
42:00 Blast Furnace
40:57 Bodkin Arrow
42:55 Plate Mail Armor
42:41 Leather Archer Armor
44:58 Bracer
46:30 Chemistry
45:51 Ballistics
45:39 Treadmill Crane
47:34 Two-Man Saw
47:10 Coinage
47:12 Ring Archer Armor
46:05 Crossbowman
47:29 Arson
47:10 Arbalester
51:09 Kataparuto
52:23 Banking
52:38 Murder Holes
52:49 Siege Engineers
52:51 Caravan
54:53 Pikeman
57:14 Man-at-Arms
63:55 Hoardings
63:58 Long Swordsman
65:38 Two-Handed Swordsman
挺拔的象拔蚌
10:01 Feudal Age
8:51 Loom
10:51 Horse Collar
10:56 Double-Bit Axe
14:14 Gold Mining
18:27 Castle Age
18:16 Horse Collar
19:18 Bow Saw
20:35 Heavy Plow
23:48 Gold Shaft Mining
23:14 Stone Mining
25:50 Wheelbarrow
28:36 Forging
28:54 Hand Cart
29:43 Stone Shaft Mining
33:09 Imperial Age
30:24 Treadmill Crane
30:39 Murder Holes
31:05 Ballistics
31:41 Iron Casting
31:12 Scale Barding Armor
31:37 Squires
30:58 Pikeman
32:04 Caravan
32:25 Husbandry
32:36 Fletching
32:47 Padded Archer Armor
33:51 Chain Barding Armor
34:45 Crop Rotation
33:44 Halberdier
35:24 Conscription
34:35 Heavy Camel Rider
37:01 Two-Man Saw
36:28 Thumb Ring
37:15 Logistica
37:15 Bodkin Arrow
37:36 Heavy Cavalry Archer
38:51 Elite Cataphract
40:56 Bracer
41:31 Plate Barding Armor
43:59 Capped Ram
45:02 Siege Ram
61:36 Bracer
61:51 Leather Archer Armor
Admw
0:27 Loom
10:10 Feudal Age
13:53 Double-Bit Axe
13:49 Horse Collar
15:02 Fletching
21:17 Castle Age
19:58 Gold Mining
22:04 Wheelbarrow
21:34 Crossbowman
22:11 Bodkin Arrow
23:17 Padded Archer Armor
23:03 Pikeman
25:29 Leather Archer Armor
25:14 Scale Mail Armor
26:38 Thumb Ring
26:56 Arson
28:33 Squires
30:44 Chain Mail Armor
martijn
12:25 Feudal Age
15:13 Castle Age
13:31 Double-Bit Axe
13:30 Horse Collar
13:50 Loom
15:16 Wheelbarrow
16:17 Bow Saw
16:21 Heavy Plow
19:04 Stone Mining
22:04 Stone Shaft Mining
23:26 Hand Cart
25:22 Gold Mining
25:59 Town Watch
27:12 Town Patrol
27:46 Husbandry
28:04 Scale Barding Armor
28:11 Forging
29:30 Gold Shaft Mining
29:46 Chain Barding Armor
29:41 Bloodlines
35:01 Imperial Age
33:27 Chain Barding Armor
33:44 Iron Casting
34:11 Fletching
34:22 Scale Mail Armor
34:22 Padded Archer Armor
35:28 Ballistics
35:19 Fortified Wall
35:05 Murder Holes
35:04 Cavalier
36:23 Plate Barding Armor
36:48 Blast Furnace
37:18 Guard Tower
37:39 Masonry
39:29 Chain Mail Armor
39:29 Leather Archer Armor
39:10 Bodkin Arrow
40:17 Chemistry
39:53 Keep
39:48 Architecture
39:24 Siege Engineers
40:01 Heavy Scorpion
41:18 Siege Engineers
42:00 Pikeman
42:44 Halberdier
46:29 Double Crossbow
48:48 Bracer
49:19 Ring Archer Armor
53:25 Man-at-Arms
56:41 Light Cavalry
Arietediron
8:39 Loom
11:41 Feudal Age
12:14 Double-Bit Axe
13:17 Horse Collar
20:53 Castle Age
19:11 Fletching
19:40 Padded Archer Armor
22:22 Wheelbarrow
23:34 Chemistry
25:07 Fletching
25:18 Padded Archer Armor
26:21 Fervor
28:02 Town Watch
28:36 Bodkin Arrow
31:29 Leather Archer Armor
31:24 Forging
31:15 Scale Mail Armor
31:37 Squires
41:31 Imperial Age
39:53 Iron Casting
39:19 Scale Mail Armor
40:22 Pikeman
42:08 Hand Cart
41:53 Town Patrol
44:49 Bracer
45:19 Ring Archer Armor
45:05 Chain Mail Armor
44:56 Scale Barding Armor
45:07 Elite Skirmisher
65:05 Arson
aaa916_
6:51 Loom
9:57 Feudal Age
16:01 Castle Age
14:37 Double-Bit Axe
14:45 Gold Mining
19:50 Husbandry
24:15 Scale Barding Armor
25:31 Wheelbarrow
30:05 Hand Cart
30:08 Town Watch
30:38 Bow Saw
34:35 Forging
34:46 Chain Barding Armor
34:59 Town Patrol
39:53 Imperial Age
38:21 Gold Shaft Mining
37:37 Stone Mining
39:24 Iron Casting
40:03 Cavalier
41:21 Plate Barding Armor
41:47 Blast Furnace
41:57 Paladin
43:22 Scale Mail Armor
43:26 Chivalry
44:13 Pikeman
44:54 Squires
44:39 Arson
45:36 Squires
45:21 Gambesons
45:28 Halberdier
46:31 Chain Mail Armor
51:25 Plate Mail Armor
54:38 Conscription
54:54 Hoardings
59:12 Padded Archer Armor
59:02 Fletching
59:02 Arrowslits
60:18 Chemistry
59:38 Ballistics
59:37 Elite Skirmisher
60:56 Bodkin Arrow
61:17 Leather Archer Armor
63:32 Leather Archer Armor
Connection lost

Rejoining the realm…

Still unreachable

The connection could not be restored.

Session expired

The server has moved on; the page needs a fresh start.